 Seeded DCSS version 0.29-a0-398-ge13fd1374b (webtiles) character file.

Game seed: 14757055994965263044 (custom seed)

1275 zeratav the Geomancer (level 8, -1/46 HPs)
             Began as an Octopode Earth Elementalist on May 12, 2022.
             Slain by an unseen horror (6 damage)
             ... on level 5 of the Dungeon.
             The game lasted 00:08:34 (5206 turns).

zeratav the Geomancer (Octopode Earth Elementalist) Turns: 5206, Time: 00:08:34

Health: -1/46      AC:  1    Str:  7    XL:     8   Next: 53%
Magic:  9/25       EV: 13    Int: 30    God:
Gold:   217        SH:  0    Dex: 18    Spells: 14/18 levels left

rFire   + . .      SeeInvis .   s - +2 short sword (holy) {short}
rCold   x . .      Faith    .   (no shield)
rNeg    . . .      Spirit   .   o - +0 hat
rPois   .          Reflect  .   (no amulet)
rElec   .          Harm     .   c - ring of magical power
rCorr   .          Rampage  .   l - +6 ring of intelligence
Will    .....                   m - +6 ring of dexterity
Stlth   +++.......              d - ring "Ruur" {Fire Int+4 Slay+3}
HPRegen 0.15/turn               (no ring)
MPRegen 0.19/turn               (no ring)
                                (no ring)
                                (no ring)

@: mighty
A: almost no armour, amphibious, 8 rings, camouflage 1, gelatinous body 1,
(nimble swimmer 1), tentacles
a: no special abilities


You were on level 5 of the Dungeon.
You visited 1 branch of the dungeon, and saw 5 of its levels.

You collected 217 gold pieces.


Innate Abilities, Weirdness & Mutations

You cannot wear most types of armour.
You are amphibious.
You can wear up to eight rings at the same time.
Your skin changes colour to match your surroundings (Stealth+).
Your rubbery body absorbs attacks. (AC +1, EV +1)
((You are camouflaged when in or above water. (Stealth+)))
You have tentacles for arms and can constrict up to eight enemies at once.


   Skills:
 - Level 2.0 Dodging
 - Level 2.6 Stealth
 + Level 5.6 Spellcasting
 - Level 1.0 Transmutations
 * Level 8.8 Earth Magic


You had 14 spell levels left.
You knew the following spells:

 Your Spells              Type           Power      Damage    Failure   Level
a - Sandblast             Erth           100%       2d20      1%          1
b - Stone Arrow           Conj/Erth      68%        3d11      2%          3

Your spell library contained the following spells:

 Spells                   Type           Power      Damage    Failure   Level
 Passwall                 Tmut/Erth      30%        N/A       1%          2
 Freeze                   Ice            32%        1d5       5%          1
 Wereblood                Tmut           14%        N/A       5%          2
 Petrify                  Tmut/Erth      37%        N/A       8%          4
 Sublimation of Blood     Necr           8%         N/A       9%          2
 Frozen Ramparts          Ice            16%        1d3       17%         3
 Hailstorm                Conj/Ice       8%         3d4       50%         4
 Summon Hydra             Summ           4%         N/A       100%        7

Inventory:

Hand Weapons
 s - a +2 short sword of holy wrath (weapon) {short}
   (You took it off a kobold on level 3 of the Dungeon)
Missiles
 a - 88 stones {throwing}
Armour
 o - a +0 hat (worn)
   (You found it on level 3 of the Dungeon)
Jewellery
 c - a ring of magical power (left tentacle)
   (You found it on level 1 of the Dungeon)
 d - the ring "Ruur" (on tentacle) {Fire Int+4 Slay+3}
   (You acquired it on level 3 of the Dungeon)

   [ring of fire]

   It enhances your fire magic.
   Int:       It affects your intelligence (+4).
   Slay:      It affects your accuracy & damage with ranged weapons and melee
   (+3).
   rF:        It protects you from fire.
   rC:        It makes you vulnerable to cold.
 l - a +6 ring of intelligence (right tentacle)
   (You found it on level 2 of the Dungeon)
 m - a +6 ring of dexterity (on tentacle)
   (You found it on level 2 of the Dungeon)
Wands
 u - a wand of charming (3)
   (You took it off Ijyb on level 4 of the Dungeon)
Scrolls
 f - 2 scrolls of enchant weapon {unknown}
 h - a scroll of vulnerability {!r!r}
 j - a scroll of poison {unknown}
 k - a scroll of silence {unknown}
 p - a scroll of brand weapon {unknown}
 r - a scroll of fog {unknown}
 v - 2 scrolls of identify {@r1}
 w - a scroll of noise {unknown}
 x - a scroll of teleportation {unknown}
Potions
 b - a potion of magic
 e - a potion of degeneration {unknown}
 g - 2 potions of might
 i - a potion of invisibility {unknown}
 n - a potion of flight {unknown}
 q - a potion of mutation {unknown}
 t - 2 potions of brilliance {unknown}

Dungeon Overview and Level Annotations

Branches:
Dungeon (5/15)
 Temple: D:4-7

Altars:
Nemelex Xobeh
Qazlal
Wu Jian
Zin

Shops:
D:3

* .....#.#..# #.#
.....#.#.## #.#
....##...### #.#
.....).....# #.# ###
...........# #.# ..S
...........# #.#.)#
..###############.#..#
..#########..........#..
................@......#
..#########..............
....................>####
..#########.[..).....#
..# #..........# .##
#.<.....?..# ##
#..........# .########
#...=......# .........
..........##


You could see an adder (asleep).


Message History

x - a scroll labelled OTZEAXO OMIA MP[+2]
Your mp is fully restored (25).
You now have 217 gold pieces (gained 10).
Sigmund the Dreaded comes into view.
He is wielding a +0 scythe.
Found a pair of embroidered gloves.
Found a stone staircase leading down.
Found a scroll labelled OTZEAXO OMIA.
Found an escape hatch in the ceiling.
Casting: Sandblast (safe; 1% risk of failure)
Confirm with . or Enter, or press ? or * to list all spells.
Aiming: Stone Arrow (dangerous; 3% risk of failure)
Press: ? - help, Shift-Dir - straight line, f - Sigmund
Aim: Sigmund, wielding a +0 scythe and wearing a +0 robe (asleep, 100% to hit)
The stone arrow hits Sigmund!
Sigmund shouts!
MP[-3]
You lost 3 mp, and now have 22/25 mp.
Casting: Stone Arrow (dangerous; 3% risk of failure)
Confirm with . or Enter, or press ? or * to list all spells.
Aiming: Stone Arrow (dangerous; 3% risk of failure)
Press: ? - help, Shift-Dir - straight line, f/p - Sigmund
Aim: Sigmund, wielding a +0 scythe and wearing a +0 robe (heavily wounded, 71% to hit)
The stone arrow hits Sigmund!
You kill Sigmund!
Something hits you.
Deactivating autopickup; reactivate with Ctrl-A.
HP[-5] MP[-3]
You take 5 damage, and now have 41/46 hp.
You lost 3 mp, and now have 19/25 mp.
Casting: Stone Arrow (dangerous; 2% risk of failure)
Confirm with . or Enter, or press ? or * to list all spells.
Okay, then.
Casting: Stone Arrow (dangerous; 2% risk of failure)
Confirm with . or Enter, or press ? or * to list all spells.
Aiming: Stone Arrow (dangerous; 2% risk of failure)
Press: ? - help, Shift-Dir - straight line The stone arrow hits something!!
Something hits you!
HP[-8] MP[-3]
You take 8 damage, and now have 33/46 hp.
You lost 3 mp, and now have 16/25 mp.
An adder comes into view.
Something hits you.
HP[-3]
You take 3 damage, and now have 30/46 hp.
You are too injured to fight recklessly!
You are too injured to fight recklessly!
Something hits you!
* * * LOW HITPOINT WARNING * * *
HP[-10] MP[+1]
You take 10 damage, and now have 20/46 hp.
MASSIVE DAMAGE!! (PAUSE)
Casting: Stone Arrow (dangerous; 2% risk of failure)
Confirm with . or Enter, or press ? or * to list all spells.
You can't see any susceptible monsters within range! (Use Z to cast anyway.) Unknown command.
Casting: Stone Arrow (dangerous; 2% risk of failure)
Confirm with . or Enter, or press ? or * to list all spells.
You can't see any susceptible monsters within range! (Use Z to cast anyway.) HP[+1]
You hit something. Something hits you but does no damage. Something hits you!
* * * LOW HITPOINT WARNING * * *
HP[-11]
You take 11 damage, and now have 10/46 hp.
MASSIVE DAMAGE!! (PAUSE)
Casting: Stone Arrow (dangerous; 2% risk of failure)
Confirm with . or Enter, or press ? or * to list all spells.
Okay, then.
Casting: Stone Arrow (dangerous; 2% risk of failure)
Confirm with . or Enter, or press ? or * to list all spells.
Aiming: Stone Arrow (dangerous; 2% risk of failure)
Press: ? - help, Shift-Dir - straight line Something hits you.
* * * LOW HITPOINT WARNING * * *
HP[-1] MP[-3]
You take 1 damage, and now have 9/46 hp.
You lost 3 mp, and now have 14/25 mp.
Casting: Stone Arrow (dangerous; 2% risk of failure)
Confirm with . or Enter, or press ? or * to list all spells.
Okay, then.
Casting: Stone Arrow (dangerous; 2% risk of failure)
Confirm with . or Enter, or press ? or * to list all spells.
Aiming: Stone Arrow (dangerous; 2% risk of failure)
Press: ? - help, Shift-Dir - straight line Something hits you.
* * * LOW HITPOINT WARNING * * *
HP[-3] MP[-3]
You take 3 damage, and now have 6/46 hp.
You lost 3 mp, and now have 11/25 mp.
Casting: Stone Arrow (dangerous; 2% risk of failure)
Confirm with . or Enter, or press ? or * to list all spells.
Aiming: Stone Arrow (dangerous; 2% risk of failure)
Press: ? - help, Shift-Dir - straight line Something hits you.
* * * LOW HITPOINT WARNING * * *
HP[-1] MP[-2]
You take 1 damage, and now have 5/46 hp.
You lost 2 mp, and now have 9/25 mp.
It was a potion of might.
You feel very mighty all of a sudden. Something hits you.
You die...

Skill      XL: |  1  2  3  4  5  6  7  8 |
---------------+-------------------------+-----
Earth Magic    | 4 5 6 7 8 |  8.8
Spellcasting   | 3 4 5 |  5.6
Dodging        | |  2.0
Stealth        | |  2.6
Transmutations | |  1.0

Action                   |  1- 3 |  4- 6 |  7- 9 || total
-------------------------+-------+-------+-------++-------
Melee: Unarmed           |     4 |       |       ||     4
       Tentacles         |     4 |     1 |     1 ||     6
       Dagger            |    18 |       |       ||    18
       Constrict         |     5 |     1 |       ||     6
       Short sword       |       |    10 |     8 ||    18
 Cast: Sandblast         |    44 |    46 |    26 ||   116
       Stone Arrow       |       |     6 |    22 ||    28
  Use: Scroll            |     1 |     2 |       ||     3
       Potion            |       |       |     1 ||     1
 Stab: Sleeping          |     9 |       |       ||     9
Armor: Skin              |       |     3 |     2 ||     5
Dodge: Dodged            |    16 |    27 |     9 ||    52

Levels and vault maps discovered:
D:1:      minmay_arrival_cross, layout_loops_ring, serial_bayou,
          serial_bayou_pond_a, serial_bayou_ford_a, serial_bayou_pond_c,
          serial_bayou_shore_a, minmay_tripent
D:2:      layout_basic, minmay_stone_trees_small, st_stairs_12,
          kennysheep_generic_room_15
D:3:      layout_loops_cross, gammafunk_temple_overflow_forgotten,
          nicolae_wu_jian_wuxing_cycle, dilly_ecumenical_altar_fadedgnrine,
          serial_shops, nicolae_shop_overgrown_old_shop,
          minmay_misc_feat_ornament, lexackson_kobold_supper
D:4:      layout_loops_ring, serial_aquarium, aquarium_bridge_square
          [aquarium_subvault_wall, aquarium_subvault_bridge,
          aquarium_subvault_wall, aquarium_subvault_wall],
          aquarium_bridge_long_joined [aquarium_subvault_wall,
          aquarium_subvault_wall, aquarium_subvault_bridge,
          aquarium_subvault_wall, aquarium_subvault_bridge,
          aquarium_subvault_window], aquarium_window_corner,
          aquarium_window_fake, aquarium_view_4, aquarium_balcony_3b,
          aquarium_pool_five, uniq_ijyb, uniq_eustachio
D:5:      layout_rooms, minmay_manual_monstrance, uniq_sigmund, uniq_edmund,
          uniq_blork_the_orc

Notes
Turn   | Place    | Note
-------+----------+-------------------------------------------
     0 | D:1      | zeratav the Octopode Earth Elementalist began the quest for
                  | the Orb.
     0 | D:1      | Reached XP level 1. HP: 11/11 MP: 3/3
     0 | D:1      | magus.rc [v1.9.6]
   204 | D:1      | HP: 2/11 [endoplasm (1)]
   549 | D:1      | Reached XP level 2. HP: 17/17 MP: 5/5
   983 | D:1      | Reached XP level 3. HP: 21/21 MP: 6/6
  1296 | D:2      | Reached skill level 4 in Earth Magic
  1591 | D:2      | Reached XP level 4. HP: 23/27 MP: 7/8
  2220 | D:3      | Identified a scroll of acquirement
  2220 | D:3      | Acquired the ring "Ruur" {Fire Int+4 Slay+3}
  2271 | D:3      | Found a stormy altar of Qazlal.
  2271 | D:3      | Found a glowing silver altar of Zin.
  2272 | D:3      | Found a sparkling altar of Nemelex Xobeh.
  2292 | D:3      | Reached skill level 3 in Spellcasting
  2409 | D:3      | Reached skill level 5 in Earth Magic
  2409 | D:3      | Reached XP level 5. HP: 31/31 MP: 9/9
  2451 | D:3      | You pick up a book of Frost and begin reading...
  2451 | D:3      | You add the spells Freeze, Frozen Ramparts and Hailstorm to
                  | your library.
  2491 | D:3      | Found Zakudgh Ucawn's Assorted Antiques.
  2808 | D:3      | Found an ornate altar of the Wu Jian Council.
  3163 | D:3      | Found a faded altar of an unknown god.
  3543 | D:4      | Reached XP level 6. HP: 36/36 MP: 11/11
  3547 | D:4      | Learned a level 3 spell: Stone Arrow
  3699 | D:4      | Noticed Eustachio
  3702 | D:4      | Killed Eustachio
  3703 | D:4      | Reached skill level 4 in Spellcasting
  3703 | D:4      | Reached skill level 6 in Earth Magic
  3808 | D:4      | Reached XP level 7. HP: 41/41 MP: 12/13
  4085 | D:4      | Noticed Ijyb
  4099 | D:4      | Killed Ijyb
  4167 | D:4      | Reached skill level 7 in Earth Magic
  4410 | D:4      | You pick up a book of Blood and begin reading...
  4410 | D:4      | You add the spells Sublimation of Blood, Wereblood and
                  | Summon Hydra to your library.
  4725 | D:5      | Entered Level 5 of the Dungeon
  4764 | D:5      | Noticed Blork the orc
  4767 | D:5      | Killed Blork the orc
  4768 | D:5      | Reached XP level 8. HP: 38/46 MP: 14/15
  4770 | D:5      | Reached skill level 5 in Spellcasting
  4844 | D:5      | Noticed Edmund
  4850 | D:5      | Killed Edmund
  4851 | D:5      | Reached skill level 8 in Earth Magic
  5192 | D:5      | Noticed Sigmund
  5197 | D:5      | Killed Sigmund
  5202 | D:5      | HP: 10/46 [something (11)]
  5206 | D:5      | Slain by an unseen horror

Vanquished Creatures
  Sigmund (D:5)
  Eustachio (D:4)
  Edmund (D:5)
  An ice beast (D:4)
  Blork the orc (D:5)
  3 scorpions
  2 hounds (D:4)
  2 jellies
  Ijyb (D:4)
  3 iguanas
  3 orc wizards (D:4)
  6 gnolls
  6 adders
  A shadow imp (D:5)
  2 worms (D:2)
  A dart slug (D:3)
  6 orcs
  6 ball pythons
  4 bats
  9 endoplasms
  2 giant cockroaches
  8 goblins
  5 hobgoblins
  16 jackals
  3 quokkas
  2 frilled lizards (D:3)
  15 kobolds
  8 rats
119 creatures vanquished.

Vanquished Creatures (others)
  19 fungi (D:4)
  2 plants (D:3)
21 creatures vanquished.

Grand Total: 140 creatures vanquished

Table legend:
 A = Non-vault XP
 B = Vault XP
 C = Vault XP percentage of total XP
 D = Non-vault monster count
 E = Vault monster count
 F = Vault count percentage of total count
                 A         B        C        D         E       F
            +---------+---------+-------+---------+---------+-------
      Total |    1091 |     731 |  40.1 |     102 |      17 |  14.3
            +---------+---------+-------+---------+---------+-------
        D:1 |      34 |       4 |  10.5 |      21 |       2 |   8.7
        D:2 |     104 |       3 |   2.8 |      32 |       2 |   5.9
        D:3 |      60 |      11 |  15.5 |       7 |       8 |  53.3
        D:4 |     675 |     239 |  26.1 |      31 |       2 |   6.1
        D:5 |     218 |     474 |  68.5 |      11 |       3 |  21.4
            +---------+---------+-------+---------+---------+-------

Illustrated notes

Table legend:
 A = Kills in this place as a percentage of kills in entire the game.
 B = Kills by you in this place as a percentage of kills by you in the entire game.
 C = Kills by friends in this place as a percentage of kills by friends in the entire game.
 D = Other kills in this place as a percentage of other kills in the entire game.
 E = Experience gained in this place as a percentage of experience gained in the entire game.
 F = Experience gained in this place divided by the number of levels of this place that you have seen.
                   A       B       C       D       E      F
               +-------+-------+-------+-------+-------+----------------------
         Total | 100.0 | 100.0 |   N/A |   N/A | 100.0 | 364.4
       Dungeon | 100.0 | 100.0 |   N/A |   N/A | 100.0 | 364.4
               +-------+-------+-------+-------+-------+----------------------

Table legend: (Time is in decaauts)
 A = Elapsed time spent in this place.
 B = Non-inter-level travel time spent in this place.
 C = Inter-level travel time spent in this place.
 D = Time resting spent in this place.
 E = Time spent auto-exploring this place.
 F = Levels seen in this place.
 G = Mean time per level.
                   A        B        C        D        E       F      G
               +--------+--------+--------+--------+--------+-----+--------+
         Total |   5202 |   5054 |    148 |    376 |   4061 |   5 | 1040.4 |
       Dungeon |   5202 |   5054 |    148 |    376 |   4061 |   5 | 1040.4 |
               +--------+--------+--------+--------+--------+-----+--------+

Top non-repeatable levels by time:
     D:4: 1429 daAuts
     D:1: 1163 daAuts
     D:3: 1077 daAuts
     D:2: 1052 daAuts
     D:5: 480 daAuts
